 Dungeon Crawl Stone Soup version 0.29.0-4-gdea44cf6ec (webtiles) character file.

Game seed: 5491790185226807780

6365 qw the Cleaver (level 10, -8/58 (60) HPs)
             Began as a Tengu Warper on Aug 28, 2022.
             Was a Priest of Okawaru.
             Mangled by a death yak (9 damage)
             ... on level 10 of the Dungeon.
             The game lasted 00:01:11 (9218 turns).

qw the Cleaver (Tengu Warper)                       Turns: 9218, Time: 00:01:12

HP:   -8/58 (60)    AC: 24    Str: 15    XL:     10   Next: 97%
MP:   13/14         EV: 14    Int: 13    God:    Okawaru [***...]
Gold: 169           SH:  5    Dex: 21    Spells: 13/13 levels left

rFire   . . .      SeeInvis +   Y - +5 war axe (protect)
rCold   . . .      Faith    .   (no shield)
rNeg    . . .      Spirit   .   k - +0 chain mail
rPois   .          Reflect  +   b - +1 hat
rElec   .          Harm     .   d - +0 cloak
rCorr   .          Rampage  .   i - +1 pair of gloves
Will    .....                   (boots unavailable)
Stlth   ..........              c - amulet of reflection
HPRegen 0.19/turn               q - ring of see invisible
MPRegen 0.14/turn               h - +6 ring of dexterity

@: about to teleport, heroic, under a protective aura, flying quickly and
evasively, lightly drained, quick
A: beak, talons 3, nimble flight
a: Renounce Religion, Heroism


You were on level 10 of the Dungeon.
You worshipped Okawaru.
Okawaru was most pleased with you.
You visited 2 branches of the dungeon, and saw 11 of its levels.
You also visited: Sewer.

You collected 759 gold pieces.
You spent 590 gold pieces at shops.


Innate Abilities, Weirdness & Mutations

You have a beak for a mouth.
You have claws for feet.
Your magical nature lets you fly swiftly and evasively.


   Skills:
 - Level 6.0(11.0) Fighting
 + Level 13.6(18.6) Axes
 - Level 1.0(6.0) Throwing
 - Level 6.6(11.6) Armour
 - Level 5.0(10.0) Dodging
 - Level 2.0 Spellcasting
 - Level 2.4 Translocations
 - Level 4.1 Invocations


You had 13 spell levels left.
You didn't know any spells.
Your spell library contained the following spells:

 Spells                   Type           Power      Damage    Failure   Level
 Blink                    Tloc           14%        N/A       85%         2
 Gell's Gravitas          Tloc           7%         N/A       97%         3
 Lesser Beckoning         Tloc           7%         N/A       97%         3
 Teleport Other           Tloc           7%         N/A       97%         3
 Manifold Assault         Tloc           7%         N/A       100%        5

Inventory:

Hand Weapons
 o - a +0 morningstar
 Y - a +5 war axe of protection (weapon)
Missiles
 a - a boomerang (quivered)
Armour
 b - a +1 hat (worn)
 d - a +0 cloak (worn)
 i - a +1 pair of gloves (worn)
 k - a +0 chain mail (worn)
 m - a +3 ring mail of fire resistance
Jewellery
 c - an amulet of reflection (around neck)
 h - a +6 ring of dexterity (right hand)
 q - a ring of see invisible (left hand)
Scrolls
 g - a scroll of teleportation
 l - a scroll of identify
Potions
 e - a potion of mutation
 j - 10 potions of curing
 n - a potion of flight {unknown}
 r - a potion of might {unknown}

Dungeon Overview and Level Annotations

Branches:
Dungeon (10/15)            Temple (1/1) D:7             Orc (0/2) D:9
  Sewer (visited)
   Lair: D:8-11

Altars:
Ashenzari
Cheibriados
Dithmenos
Elyvilon
Fedhas
Gozag
Hepliaklqana
Kikubaaqudgha
Nemelex Xobeh
Okawaru
Qazlal
Ru
Sif Muna
Trog
Vehumet
Wu Jian
Xom
Yredelemnul
Zin
The Shining One

Shops:
D:1 !   D:3 :   D:4 [   D:8 [   D:9 (

Annotations:
D:8 3 runed translucent doors
D:10 Nergalle


Message History

You closely miss the kobold. The kobold barely misses you.
A death yak comes into view.
Nergalle hits you but does no damage.
You completely miss Nergalle. Your peck misses Nergalle.
Nergalle is moderately wounded.
You slash the kobold brigand! You hit the kobold.
You kill the kobold!
You hit the death yak. You slash the kobold brigand!
You claw the kobold brigand.
You kill the kobold brigand!
Okawaru accepts your kill.
You hit Nergalle. You slash the spectral orc!
You destroy the spectral orc!
The spectral orc disappears in a puff of smoke!
You slash the death yak!
The kobold throws a stone.
The stone closely misses you. Nergalle hits you but does no damage.
The death yak gores you!
The death yak bellows!
You hit Nergalle but do no damage. Your kick misses Nergalle.
You peck Nergalle, but do no damage. You punch Nergalle, but do no damage.
Nergalle is moderately wounded.
You slash the death yak!
A death yak comes into view.
Nergalle misses you. The death yak closely misses you.
You hit Nergalle but do no damage. You peck Nergalle, but do no damage.
Nergalle is moderately wounded.
You hit the death yak. You slash the death yak! You hit the death yak.
You slash the death yak! You peck the death yak.
The death yak is severely wounded.
You hit the death yak but do no damage. You hit Nergalle but do no damage.
You slash the death yak! You block the death yak's attack.
Nergalle barely misses you. The death yak closely misses you.
The death yak gores you!
9218 ||| READING 2 scrolls of teleportation.
As you read the scroll of teleportation, it crumbles to dust.
You feel strangely unstable.
The kobold throws a stone.
The stone misses you. The death yak misses you.
Nergalle hits you but does no damage. The death yak gores you!
You die...

... #. ..#.. #. ......
###.##### ..#Y..
#.......# ###......
##...<...#### #K...Y...
............####YoY.....
#.......##...%.@YYY....
#....<..#######.Y.!?...
#.......# #.K......
######### #........
#######.# #


You could see 8 death yaks, Nergalle and 2 kobolds.

Vanquished Creatures
  A two-headed ogre (D:8)
  A troll (D:9)
  A hornet (D:8)
  Grinder (D:6)
  Sigmund (D:6)
  4 wyverns
  A wraith (D:8)
  A shadow (D:9)
  4 yaks (D:9)
  A steam dragon (D:8)
  A two-headed ogre zombie (D:9)
  An acid dragon (D:9)
  A water moccasin (D:8)
  An orc warrior (D:8)
  2 black bears
  2 sky beasts
  3 phantoms
  4 kobold brigands
  2 necrophages
  3 bullfrogs
  3 scorpions
  4 wights (D:9)
  5 killer bees (D:8)
  3 troll zombies (D:9)
  3 howler monkeys
  7 hounds
  3 orc priests
  A jelly (D:5)
  3 iguanas (D:5)
  Natasha (thrice) (D:2)
  6 orc wizards
  4 ogre zombies (D:9)
  4 gnolls (D:3)
  11 adders
  A shadow imp (D:5)
  2 white imps (D:7)
  2 ufetubi (D:5)
  6 dart slugs
  24 orcs
  14 endoplasms
  7 giant cockroaches
  3 hobgoblins
  5 quokkas
  10 ball pythons
  4 bats (D:1)
  7 frilled lizards
  6 goblins
  3 goblin skeletons (D:9)
  3 goblin zombies (D:9)
  A hobgoblin skeleton (D:9)
  A hobgoblin zombie (D:9)
  20 kobolds
  3 orc skeletons (D:9)
  14 orc zombies (D:9)
  3 rats
235 creatures vanquished.

Vanquished Creatures (others)
  A plant (D:1)
1 creature vanquished.

Grand Total: 236 creatures vanquished

Notes
Turn   | Place    | Note
-------+----------+-------------------------------------------
     0 | D:1      | qw the Tengu Warper began the quest for the Orb.
     0 | D:1      | Reached XP level 1. HP: 12/12 MP: 4/4
     0 | D:1      | 0 ||| qw: Version: 0.1-a-89-g26bdef1
     0 | D:1      | 0 ||| qw: Game counter: 2374
     0 | D:1      | 0 ||| qw: Always use a shield: true
     0 | D:1      | 0 ||| qw: God list: Okawaru
     0 | D:1      | 0 ||| qw: Allow faded altars: false
     0 | D:1      | 0 ||| qw: Do Orc after D:15 true
     0 | D:1      | 0 ||| qw: Do second Lair branch before Depths: true
     0 | D:1      | 0 ||| qw: Lair rune preference: random
     0 | D:1      | 0 ||| qw: Plans: Normal
     0 | D:1      | 0 ||| PLANNING D:1-11
   149 | D:1      | Found Vieraps's Distillery.
   159 | D:1      | 159 ||| BUYING potion of curing (36 gold).
   159 | D:1      | Bought a potion of curing for 36 gold pieces
   159 | D:1      | 159 ||| SHOPLISTING potion of haste (120 gold, have 10).
   159 | D:1      | 159 ||| SHOPLISTING potion of heal wounds (60 gold, have
                  | 10).
   159 | D:1      | 159 ||| SHOPLISTING potion of might (48 gold, have 10).
   159 | D:1      | 159 ||| SHOPLISTING potion of mutation (96 gold, have 10).
   653 | D:1      | Reached skill level 3 in Axes
   653 | D:1      | Reached XP level 2. HP: 17/17 MP: 6/6
   844 | D:1      | 844 ||| UPGRADING to +0 chain mail.
   854 | D:1      | 854 ||| DROPPING +0 leather armour.
   855 | D:1      | 855 ||| UPGRADING to amulet of regeneration.
   860 | D:1      | 860 ||| READING scroll labelled ZIAH NUMAVVE.
   861 | D:1      | 861 ||| READING 3 scrolls labelled UNIMOEXKUAPNI.
   862 | D:1      | 862 ||| READING 3 scrolls labelled OMNOUDO OCVI.
   863 | D:1      | 863 ||| READING scroll labelled TIT YROINKOUMM.
   866 | D:1      | 866 ||| READING scroll labelled QUESAI DIOTY.
   867 | D:1      | 867 ||| READING scroll labelled ROURAM TOUGO.
   868 | D:1      | 868 ||| DROPPING scroll of blinking.
   869 | D:1      | 869 ||| DROPPING 2 scrolls of poison.
   870 | D:1      | 870 ||| DROPPING 2 scrolls of fear.
   944 | D:2      | Reached XP level 3. HP: 21/21 MP: 7/7
   953 | D:2      | Reached skill level 4 in Axes
  1150 | D:2      | Noticed Natasha
  1158 | D:2      | Killed Natasha
  1159 | D:2      | Reached XP level 4. HP: 16/26 MP: 8/8
  1197 | D:2      | 1197 ||| Stepping ~*~*~tactically~*~*~ (stealth).
  1198 | D:2      | 1198 ||| Stepping ~*~*~tactically~*~*~ (stealth).
  1207 | D:2      | 1207 ||| Stepping ~*~*~tactically~*~*~ (hiding).
  1313 | D:2      | 1313 ||| Stepping ~*~*~tactically~*~*~ (stealth).
  1366 | D:2      | Reached skill level 5 in Axes
  1411 | D:2      | Noticed Natasha
  1420 | D:2      | Killed Natasha
  1606 | D:2      | Noticed Natasha
  1608 | D:2      | 1608 ||| Stepping ~*~*~tactically~*~*~ (hiding).
  1613 | D:2      | Killed Natasha
  1614 | D:2      | Gained mutation: Your magical nature lets you fly swiftly
                  | and evasively. [Tengu growth]
  1614 | D:2      | Reached XP level 5. HP: 19/30 MP: 9/9
  1630 | D:2      | 1630 ||| UPGRADING to +1 hat.
  1635 | D:2      | 1635 ||| READING scroll labelled OSTRAH CYIPAV.
  1636 | D:2      | 1636 ||| READING scroll labelled UFOURO KOTEOXE.
  1668 | D:3      | 1668 ||| DROPPING +0 club.
  1671 | D:3      | Found Gures's Book Shop.
  1737 | D:3      | Reached skill level 6 in Axes
  1806 | D:3      | 1806 ||| Stepping ~*~*~tactically~*~*~ (stealth).
  1808 | D:3      | 1808 ||| Stepping ~*~*~tactically~*~*~ (hiding).
  1819 | D:3      | Reached XP level 6. HP: 22/35 MP: 10/10
  1839 | D:3      | 1839 ||| DROPPING +0 whip.
  1862 | D:3      | Reached skill level 7 in Axes
  1948 | D:3      | Identified the +2 leather armour of Zusufif {*Slow rF+ rN+
                  | Regen+}
  2066 | D:3      | 2066 ||| Stepping ~*~*~tactically~*~*~ (stealth).
  2133 | D:3      | 2133 ||| READING scroll labelled MUISHIROHI.
  2134 | D:3      | 2134 ||| READING 2 scrolls labelled SUQYTW LONY.
  2135 | D:3      | 2135 ||| READING 2 scrolls labelled XENESTR SUXU.
  2136 | D:3      | 2136 ||| DRINKING 2 viscous inky potions.
  2240 | D:3      | 2240 ||| DROPPING scroll of amnesia.
  2241 | D:3      | 2241 ||| DROPPING potion of berserk rage.
  2242 | D:3      | 2242 ||| DROPPING scroll of immolation.
  2290 | D:4      | Found a snail-covered altar of Cheibriados.
  2443 | D:4      | 2443 ||| Stepping ~*~*~tactically~*~*~ (hiding).
  2517 | D:4      | 2517 ||| Stepping ~*~*~tactically~*~*~ (hiding).
  2520 | D:4      | 2520 ||| Stepping ~*~*~tactically~*~*~ (hiding).
  2633 | D:4      | Found a shimmering blue altar of Sif Muna.
  2633 | D:4      | Found a glowing silver altar of Zin.
  2635 | D:4      | 2635 ||| READING 2 scrolls of teleportation.
  2660 | D:4      | Reached skill level 3 in Fighting
  2760 | D:4      | Reached XP level 7. HP: 34/41 MP: 11/11
  2829 | D:4      | Found Ovvojan's Armour Boutique.
  2832 | D:4      | 2832 ||| BUYING +0 pair of gloves (58 gold).
  2832 | D:4      | Bought a +0 pair of gloves for 58 gold pieces
  2832 | D:4      | 2832 ||| SHOPLISTING +10 plate armour of ponderousness (650
                  | gold, have 325).
  3071 | D:4      | 3071 ||| UPGRADING to +0 pair of gloves.
  3076 | D:4      | 3076 ||| DROPPING amulet of faith.
  3085 | D:5      | Entered Level 5 of the Dungeon
  3108 | D:5      | 3108 ||| DRINKING 6 potions of curing.
  3108 | D:5      | 3108 ||| (to cure confusion)
  3114 | D:5      | 3114 ||| FLEEEEING.
  3115 | D:5      | 3115 ||| FLEEEEING.
  3116 | D:5      | 3116 ||| FLEEEEING.
  3117 | D:5      | 3117 ||| FLEEEEING.
  3118 | D:5      | 3118 ||| FLEEEEING.
  3121 | D:5      | 3121 ||| FLEEEEING.
  3122 | D:5      | 3122 ||| STAIRDANCE
  3135 | D:5      | Reached skill level 8 in Axes
  3200 | D:5      | Reached skill level 3 in Armour
  3420 | D:5      | 3420 ||| Stepping ~*~*~tactically~*~*~ (stealth).
  3730 | D:5      | 3730 ||| READING scroll labelled NUTRAEMODA.
  3730 | D:5      | Identified a scroll of acquirement
  3730 | D:5      | 3730 ||| ACQUIRING +4 war axe of electrocution
  3730 | D:5      | Acquired a +4 war axe of electrocution
  3732 | D:5      | 3732 ||| SWAPPING to +4 war axe of electrocution.
  3733 | D:5      | 3733 ||| DROPPING +1 hand axe.
  3734 | D:5      | 3734 ||| DRINKING 2 purple potions.
  3735 | D:5      | 3735 ||| DROPPING potion of invisibility.
  3771 | D:6      | 3771 ||| PLANNING SEWER
  3786 | D:6      | 3786 ||| Stepping ~*~*~tactically~*~*~ (stealth).
  3790 | D:6      | Reached skill level 9 in Axes
  3790 | D:6      | Reached XP level 8. HP: 46/46 MP: 12/12
  3806 | D:6      | Noticed Grinder
  3807 | D:6      | 3807 ||| Stepping ~*~*~tactically~*~*~ (hiding).
  3813 | D:6      | Killed Grinder
  3993 | D:6      | Noticed Sigmund
  3996 | D:6      | Killed Sigmund
  4180 | D:6      | Reached skill level 10 in Axes
  4204 | D:6      | 4204 ||| FLEEEEING.
  4205 | D:6      | 4205 ||| FLEEEEING.
  4206 | D:6      | 4206 ||| FLEEEEING.
  4212 | D:6      | 4212 ||| FLEEEEING.
  4213 | D:6      | 4213 ||| FLEEEEING.
  4214 | D:6      | 4214 ||| FLEEEEING.
  4216 | D:6      | 4216 ||| FLEEEEING.
  4217 | D:6      | 4217 ||| FLEEEEING.
  4218 | D:6      | 4218 ||| FLEEEEING.
  4219 | D:6      | 4219 ||| FLEEEEING.
  4220 | D:6      | 4220 ||| FLEEEEING.
  4221 | D:6      | 4221 ||| DRINKING 9 potions of curing.
  4221 | D:6      | 4221 ||| (to cure confusion)
  4240 | D:6      | 4240 ||| Stepping ~*~*~tactically~*~*~ (stealth).
  4245 | D:6      | 4245 ||| Stepping ~*~*~tactically~*~*~ (stealth).
  4256 | D:6      | HP: 12/48 [scorpion (6)]
  4257 | D:6      | 4257 ||| READING 2 scrolls of teleportation.
  4260 | D:6      | HP: 5/49 [poisoned by a scorpion]
  4261 | D:6      | 4261 ||| FLEEEEING.
  4262 | D:6      | 4262 ||| FLEEEEING.
  4265 | D:6      | HP: 4/49 [poisoned by a scorpion]
  4275 | D:6      | 4275 ||| Stepping ~*~*~tactically~*~*~ (stealth).
  4448 | D:6      | Reached XP level 9. HP: 54/54 MP: 13/13
  4502 | D:6      | Found a glowing drain.
  4513 | D:6      | 4513 ||| UPGRADING to +1 pair of gloves.
  4523 | D:6      | 4523 ||| DROPPING +0 pair of gloves.
  4524 | D:6      | 4524 ||| UPGRADING to ring of see invisible.
  4525 | D:6      | 4525 ||| READING 3 scrolls of identify.
  4525 | D:6      | 4525 ||| IDENTIFYING dark potion
  4526 | D:6      | 4526 ||| READING 2 scrolls of identify.
  4526 | D:6      | 4526 ||| IDENTIFYING fizzy black potion
  4527 | D:6      | 4527 ||| DROPPING potion of brilliance.
  4528 | D:6      | 4528 ||| DROPPING potion of degeneration.
  4534 | Sewer    | Entered a sewer
  4756 | Sewer    | Reached skill level 3 in Dodging
  4796 | Sewer    | 4796 ||| UPGRADING to amulet of reflection.
  4806 | Sewer    | 4806 ||| DROPPING amulet of regeneration.
  4821 | D:6      | 4821 ||| PLANNING D:1-11
  5191 | D:7      | Found a staircase to the Ecumenical Temple.
  5192 | D:7      | 5192 ||| PLANNING TEMPLE
  5202 | Temple   | Entered the Ecumenical Temple
  5221 | Temple   | Became a worshipper of Warmaster Okawaru
  5333 | Temple   | 5333 ||| PLANNING D:1-11
  5407 | D:7      | Reached skill level 11 in Axes
  5473 | D:7      | 5473 ||| Stepping ~*~*~tactically~*~*~ (stealth).
  5482 | D:7      | 5482 ||| Stepping ~*~*~tactically~*~*~ (stealth).
  5541 | D:7      | 5541 ||| FLEEEEING.
  5542 | D:7      | 5542 ||| FLEEEEING.
  5543 | D:7      | 5543 ||| FLEEEEING.
  5544 | D:7      | 5544 ||| FLEEEEING.
  5545 | D:7      | 5545 ||| FLEEEEING.
  5546 | D:7      | 5546 ||| FLEEEEING.
  5547 | D:7      | 5547 ||| FLEEEEING.
  5548 | D:7      | 5548 ||| FLEEEEING.
  5549 | D:7      | 5549 ||| FLEEEEING.
  5550 | D:7      | 5550 ||| FLEEEEING.
  5551 | D:7      | 5551 ||| FLEEEEING.
  5552 | D:7      | 5552 ||| FLEEEEING.
  5553 | D:7      | 5553 ||| FLEEEEING.
  5554 | D:7      | 5554 ||| FLEEEEING.
  5555 | D:7      | 5555 ||| FLEEEEING.
  5556 | D:7      | 5556 ||| FLEEEEING.
  5557 | D:7      | 5557 ||| FLEEEEING.
  5558 | D:7      | 5558 ||| FLEEEEING.
  5559 | D:7      | 5559 ||| FLEEEEING.
  5560 | D:7      | 5560 ||| STAIRDANCE
  5638 | D:6      | 5638 ||| UPGRADING to +6 ring of dexterity.
  5639 | D:6      | 5639 ||| READING scroll labelled QUMANN WYFEOGA.
  5740 | D:6      | 5740 ||| READING scroll labelled ERUGULE OPOJ.
  5885 | D:7      | 5885 ||| STAIRDANCE
  5966 | D:7      | 5966 ||| Stepping ~*~*~tactically~*~*~ (stealth).
  5968 | D:7      | 5968 ||| Stepping ~*~*~tactically~*~*~ (hiding).
  6473 | D:7      | 6473 ||| READING 2 scrolls of identify.
  6473 | D:7      | 6473 ||| IDENTIFYING fizzy red potion
  6543 | D:8      | 6543 ||| Stepping ~*~*~tactically~*~*~ (hiding).
  6548 | D:8      | Noticed a two-headed ogre
  6550 | D:8      | 6550 ||| FLEEEEING.
  6551 | D:8      | 6551 ||| FLEEEEING.
  6552 | D:8      | 6552 ||| FLEEEEING.
  6553 | D:8      | 6553 ||| FLEEEEING.
  6554 | D:8      | 6554 ||| FLEEEEING.
  6555 | D:8      | 6555 ||| FLEEEEING.
  6556 | D:8      | 6556 ||| FLEEEEING.
  6562 | D:8      | 6562 ||| FLEEEEING.
  6564 | D:8      | 6564 ||| FLEEEEING.
  6565 | D:8      | 6565 ||| FLEEEEING.
  6566 | D:8      | 6566 ||| FLEEEEING.
  6567 | D:8      | 6567 ||| FLEEEEING.
  6568 | D:8      | 6568 ||| FLEEEEING.
  6569 | D:8      | 6569 ||| FLEEEEING.
  6570 | D:8      | 6570 ||| STAIRDANCE
  6618 | D:7      | 6618 ||| UPGRADING to +0 cloak.
  6629 | D:8      | Killed a two-headed ogre
  6629 | D:8      | Reached * piety under Okawaru
  6630 | D:8      | Reached skill level 6 in Armour
  6630 | D:8      | Reached XP level 10. HP: 35/59 MP: 14/14
  6630 | D:8      | 6630 ||| STAIRDANCE
  6794 | D:8      | Found a runed translucent gate.
  6794 | D:8      | Found a runed translucent gate.
  6794 | D:8      | Found a runed translucent gate.
  6794 | D:8      | Noticed a white ugly thing
  6794 | D:8      | Noticed a green ugly thing
  6795 | D:8      | Noticed a red ugly thing
  6830 | D:8      | 6830 ||| Stepping ~*~*~tactically~*~*~ (stealth).
  6850 | D:8      | 6850 ||| Stepping ~*~*~tactically~*~*~ (stealth).
  6858 | D:8      | 6858 ||| Stepping ~*~*~tactically~*~*~ (stealth).
  6861 | D:8      | 6861 ||| Stepping ~*~*~tactically~*~*~ (stealth).
  6862 | D:8      | 6862 ||| INVOKING Heroism.
  6866 | D:8      | Reached skill level 12 in Axes
  6868 | D:8      | Reached skill level 1 in Invocations
  6871 | D:8      | Reached ** piety under Okawaru
  6876 | D:8      | 6876 ||| INVOKING Heroism.
  6967 | D:8      | 6967 ||| Stepping ~*~*~tactically~*~*~ (stealth).
  6985 | D:8      | 6985 ||| INVOKING Heroism.
  6985 | D:8      | HP: 14/60 [hornet (9)]
  6985 | D:8      | Paralysed by a hornet for 1 turns
  6986 | D:8      | 6986 ||| READING 3 scrolls of teleportation.
  6990 | D:8      | HP: 7/60 [poisoned by a hornet]
  7299 | D:8      | 7299 ||| Stepping ~*~*~tactically~*~*~ (hiding).
  7304 | D:8      | 7304 ||| INVOKING Heroism.
  7308 | D:8      | Reached skill level 6 in Fighting
  7317 | D:8      | 7317 ||| Stepping ~*~*~tactically~*~*~ (stealth).
  7366 | D:8      | 7366 ||| READING scroll of enchant weapon.
  7366 | D:8      | 7366 ||| ENCHANTING +4 war axe of electrocution.
  7370 | D:8      | Found Pisy Xio's Antique Armour Boutique.
  7377 | D:8      | 7377 ||| BUYING crude ring mail (279 gold).
  7377 | D:8      | Bought a crude ring mail for 279 gold pieces
  7377 | D:8      | Identified the +0 ring mail of Spite {*Corrode rElec rPois}
                  | (You bought it in a shop on level 8 of the Dungeon)
  7377 | D:8      | 7377 ||| BUYING glowing ring mail (217 gold).
  7377 | D:8      | Bought a glowing ring mail for 217 gold pieces
  7629 | D:8      | 7629 ||| DROPPING +0 flail.
  7794 | D:8      | 7794 ||| DROPPING +0 ring mail of Spite {*Corrode rElec
                  | rPois}.
  7817 | D:9      | 7817 ||| INVOKING Heroism.
  7828 | D:9      | 7828 ||| Stepping ~*~*~tactically~*~*~ (stealth).
  7829 | D:9      | 7829 ||| Stepping ~*~*~tactically~*~*~ (stealth).
  7830 | D:9      | 7830 ||| Stepping ~*~*~tactically~*~*~ (stealth).
  7831 | D:9      | 7831 ||| Stepping ~*~*~tactically~*~*~ (stealth).
  7840 | D:9      | 7840 ||| INVOKING Heroism.
  7844 | D:9      | Reached skill level 3 in Invocations
  7863 | D:9      | 7863 ||| INVOKING Heroism.
  7866 | D:9      | 7866 ||| FLEEEEING.
  7867 | D:9      | 7867 ||| FLEEEEING.
  7868 | D:9      | 7868 ||| FLEEEEING.
  7869 | D:9      | 7869 ||| FLEEEEING.
  7870 | D:9      | 7870 ||| FLEEEEING.
  7871 | D:9      | 7871 ||| STAIRDANCE
  7934 | D:8      | 7934 ||| Stepping ~*~*~tactically~*~*~ (stealth).
  7937 | D:8      | 7937 ||| Stepping ~*~*~tactically~*~*~ (stealth).
  7938 | D:8      | 7938 ||| INVOKING Heroism.
  8100 | D:9      | 8100 ||| STAIRDANCE
  8175 | D:9      | 8175 ||| INVOKING Heroism.
  8193 | D:9      | 8193 ||| Stepping ~*~*~tactically~*~*~ (stealth).
  8208 | D:9      | 8208 ||| Stepping ~*~*~tactically~*~*~ (stealth).
  8212 | D:9      | 8212 ||| Stepping ~*~*~tactically~*~*~ (stealth).
  8213 | D:9      | 8213 ||| Stepping ~*~*~tactically~*~*~ (stealth).
  8233 | D:9      | 8233 ||| Stepping ~*~*~tactically~*~*~ (stealth).
  8235 | D:9      | 8235 ||| Stepping ~*~*~tactically~*~*~ (stealth).
  8243 | D:9      | Reached *** piety under Okawaru
  8248 | D:9      | 8248 ||| FLEEEEING.
  8249 | D:9      | 8249 ||| FLEEEEING.
  8256 | D:9      | 8256 ||| STAIRDANCE
  8334 | D:9      | 8334 ||| Stepping ~*~*~tactically~*~*~ (stealth).
  8339 | D:9      | 8339 ||| Stepping ~*~*~tactically~*~*~ (stealth).
  8344 | D:9      | 8344 ||| INVOKING Heroism.
  8350 | D:9      | Reached skill level 13 in Axes
  8368 | D:9      | 8368 ||| Stepping ~*~*~tactically~*~*~ (stealth).
  8371 | D:9      | Found a staircase to the Orcish Mines.
  8373 | D:9      | 8373 ||| Stepping ~*~*~tactically~*~*~ (stealth).
  8375 | D:9      | 8375 ||| FLEEEEING.
  8376 | D:9      | 8376 ||| FLEEEEING.
  8377 | D:9      | 8377 ||| FLEEEEING.
  8378 | D:9      | 8378 ||| FLEEEEING.
  8379 | D:9      | 8379 ||| FLEEEEING.
  8380 | D:9      | 8380 ||| FLEEEEING.
  8381 | D:9      | 8381 ||| FLEEEEING.
  8382 | D:9      | 8382 ||| FLEEEEING.
  8383 | D:9      | 8383 ||| FLEEEEING.
  8384 | D:9      | 8384 ||| FLEEEEING.
  8385 | D:9      | 8385 ||| FLEEEEING.
  8386 | D:9      | 8386 ||| STAIRDANCE
  8491 | D:9      | 8491 ||| STAIRDANCE
  8520 | D:9      | 8520 ||| INVOKING Heroism.
  8522 | D:9      | 8522 ||| STAIRDANCE
  8560 | D:9      | 8560 ||| STAIRDANCE
  8591 | D:9      | 8591 ||| STAIRDANCE
  8743 | D:9      | 8743 ||| INVOKING Heroism.
  9048 | D:9      | Found Farhaotz's Weapon Boutique.
  9058 | D:9      | 9058 ||| READING scroll labelled FIYZOG ZOFRI.
  9173 | D:9      | 9173 ||| READING 2 scrolls of identify.
  9173 | D:9      | 9173 ||| IDENTIFYING bubbling purple potion
  9174 | D:9      | 9174 ||| DROPPING potion of ambrosia.
  9188 | D:10     | Entered Level 10 of the Dungeon
  9197 | D:10     | Noticed a death yak
  9198 | D:10     | 9198 ||| Stepping ~*~*~tactically~*~*~ (stealth).
  9202 | D:10     | Noticed Nergalle
  9203 | D:10     | 9203 ||| INVOKING Heroism.
  9206 | D:10     | Noticed a death yak
  9207 | D:10     | Noticed a death yak
  9207 | D:10     | Noticed a death yak
  9207 | D:10     | Noticed a death yak
  9208 | D:10     | Noticed a death yak
  9212 | D:10     | Noticed a death yak
  9215 | D:10     | Noticed a death yak
  9217 | D:10     | HP: 1/58 [death yak (15)]
  9218 | D:10     | 9218 ||| READING 2 scrolls of teleportation.
  9218 | D:10     | Mangled by a death yak

Levels and vault maps discovered:
D:1:      dpeg_arrival_rooms_b, layout_basic, serial_bayou, serial_bayou_pond_a,
          serial_bayou_lagoon_b, serial_bayou_pond_d, serial_bayou_shore_b,
          serial_shops, nicolae_shop_statue_plus
D:2:      layout_rooms, uniq_natasha
D:3:      layout_rooms, serial_shops, shop_coins, st_stairs_1,
          hangedman_decor_points, minmay_misc_feat_pillars
D:4:      layout_gridville, jmf_multi_god_temple,
          mainiacjoe_overflow_surrounded_room, serial_shops,
          kennysheep_mini_moat, minmay_tree_intersection, serial_park_tiny_2,
          hex_tiny, serial_bayou_pond_c
D:5:      layout_loops_ring
D:6:      layout_loops_corners, gup_sewer_entry_pipe, uniq_sigmund, uniq_grinder
D:7:      layout_loops_cross, minmay_temple_entry_statues_fountains,
          abandoned_shop, hangedman_decor_riveting
D:8:      layout_basic, serial_shops, nicolae_square_shop,
          ploomutoo_gammafunk_ghost_potion_laboratory, grunt_ministairs_15
D:9:      layout_cave_pools, zombieorc2_lemuel, serial_shops, shop
D:10:     layout_roguey, mainiacjoe_overflow_big_doors, dpeg_lair_monsters,
          enter_bailey_1, uniq_nergalle
Temple:   minmay_temple_bridge_d

Skill      XL: |  1  2  3  4  5  6  7  8  9 10 |
---------------+-------------------------------+-----
Axes           | 3 4 5 6 7 9 10 11 13 | 13.6
Armour         | 2 3 4 6 |  6.6
Fighting       | 3 5 6 |  6.0
Dodging        | 4 5 |  5.0
Invocations    | 4 |  4.1
Throwing       | |  1.0
Spellcasting   | |  2.0
Translocations | |  2.4

Action                   |  1- 3 |  4- 6 |  7- 9 | 10-12 || total
-------------------------+-------+-------+-------+-------++-------
Melee: Hand axe          |    62 |   131 |    61 |       ||   254
       Kick              |    13 |    39 |    53 |    40 ||   145
       Punch             |     1 |     2 |     2 |     7 ||    12
       Peck              |     3 |    18 |    39 |    31 ||    91
       War axe           |       |       |   139 |   161 ||   300
Throw: Boomerang         |     7 |       |    92 |    48 ||   147
Invok: Heroism           |       |       |       |    13 ||    13
  Use: Scroll            |     6 |     6 |     7 |     5 ||    24
       Potion            |       |     1 |     3 |       ||     4
 Stab: Invisible         |       |       |     1 |       ||     1
Armor: Leather armour    |    13 |       |       |       ||    13
       Chain mail        |    23 |    68 |    81 |    66 ||   238
Dodge: Dodged            |    31 |    40 |    47 |    64 ||   182
Block: Other             |       |       |     9 |    33 ||    42
       Reflection        |       |       |       |     2 ||     2

Table legend:
 A = Non-vault XP
 B = Vault XP
 C = Vault XP percentage of total XP
 D = Non-vault monster count
 E = Vault monster count
 F = Vault count percentage of total count
                 A         B        C        D         E       F
            +---------+---------+-------+---------+---------+-------
      Total |    7053 |    2040 |  22.4 |     151 |      84 |  35.7
            +---------+---------+-------+---------+---------+-------
        D:1 |      18 |       0 |   0.0 |      13 |       0 |   0.0
        D:2 |     133 |      35 |  20.8 |      15 |       1 |   6.2
        D:3 |     308 |       4 |   1.3 |      20 |       2 |   9.1
        D:4 |     165 |      44 |  21.1 |      15 |       2 |  11.8
        D:5 |     470 |       0 |   0.0 |      15 |       0 |   0.0
        D:6 |     943 |     520 |  35.5 |      23 |       7 |  23.3
        D:7 |     619 |       0 |   0.0 |      10 |       0 |   0.0
        D:8 |    2058 |     322 |  13.5 |      17 |       2 |  10.5
        D:9 |    2045 |     847 |  29.3 |      20 |      36 |  64.3
       D:10 |     294 |       0 |   0.0 |       3 |       0 |   0.0
      Sewer |       0 |     268 | 100.0 |       0 |      34 | 100.0
            +---------+---------+-------+---------+---------+-------
